 Dungeon Crawl Stone Soup version 0.27.1-1-g398f81649c (webtiles) character file.

Game seed: 12180380243906561092

599 Metae the Shield-Bearer (level 7, -4/62 HPs)
             Began as a Minotaur Fighter on Sept 19, 2021.
             Was an Initiate of the Shining One.
             Killed by divine providence
             ... invoked by an orc priest
              (13 damage)
             ... on level 4 of the Dungeon.
             The game lasted 00:09:12 (4043 turns).

Metae the Shield-Bearer (Minotaur Fighter)          Turns: 4043, Time: 00:09:12

Health: -4/62      AC: 10    Str: 22    XL:     7   Next: 17%
Magic:  6/6        EV:  6    Int: 11    God:    the Shining One [......]
Gold:   221        SH: 10    Dex: 10    Spells: 6/6 levels left

rFire    . . .     SeeInvis .   a - +0 trident
rCold    . . .     Faith    .   c - +0 kite shield
rNeg     . . .     Spirit   .   e - +0 chain mail
rPois    .         Reflect  .   (helmet restricted)
rElec    .         Harm     .   o - scarf {+Inv}
rCorr    .         Rampage  .   (no gloves)
Will     .....                  (no boots)
Stlth    ..........             (no amulet)
HPRegen  0.20/turn              k - +6 ring of intelligence
MPRegen  0.10/turn              (no ring)

@: glowing
A: horns 2, retaliatory headbutt
a: Renounce Religion, Evoke Invisibility


You were on level 4 of the Dungeon.
You worshipped the Shining One.
The Shining One was noncommittal.
You visited 1 branch of the dungeon, and saw 4 of its levels.

You collected 221 gold pieces.

Inventory:

Hand Weapons
 a - a +0 trident (weapon)
 m - a +0 whip of flaming
Armour
 b - a +0 scale mail
 c - a +0 kite shield (worn)
 e - a +0 chain mail (worn)
 o - a scarf of invisibility (worn)
Jewellery
 k - a +6 ring of intelligence (left hand)
Scrolls
 h - 2 scrolls of enchant armour {unknown}
 l - a scroll of identify {unknown}
 n - a scroll of teleportation {unknown}
 p - a scroll of blinking {unknown}
Potions
 d - a potion of lignification {unknown}
 f - a potion of attraction {unknown}
 g - 2 potions of brilliance
 i - a potion of curing
 j - a potion of mutation {unknown}


   Skills:
 + Level 5.7 Fighting
 + Level 5.0 Polearms
 + Level 5.7 Armour
 + Level 5.7 Shields
 + Level 1.3 Invocations
 + Level 1.0 Evocations


You had 6 spell levels left.
You didn't know any spells.
Your spell library contained the following spells:

 Spells                   Type           Power      Damage    Failure   Level
 Beastly Appendage        Tmut           0%         N/A       100%        1
 Wereblood                Tmut           0%         N/A       100%        2
 Spider Form              Tmut/Pois      0%         N/A       100%        3


Dungeon Overview and Level Annotations

Branches:
Dungeon (4/15)             Temple (0/1) D:4

Altars:
Cheibriados
Makhleb
Wu Jian
The Shining One

Shops:
D:3 [


Innate Abilities, Weirdness & Mutations

You have a pair of horns on your head.
You reflexively headbutt those who attack you in melee.


Message History

Press: ? - help, Dir - move target, f - orc priest
Aim: an orc priest, wielding a +0 dagger and wearing a +0 leather armour (heavily wounded, haloed, about 23% to evade your +0 trident)
Okay, then. 2 orcs come into view.
An orc is wielding a +1 falchion of holy wrath.
The orc priest invokes the aid of Beogh against you.
Pain shoots through your body!
The orc priest hits you but does no damage.
The orc warrior hits you with a +0 flail!
* * * LOW HITPOINT WARNING * * *
The orc priest calls upon Beogh to heal the orc warrior.
The orc warrior is healed somewhat.
The orc warrior hits you but does no damage.
The quokka bites you.
* * * LOW HITPOINT WARNING * * *
The quokka bites you but does no damage.
The orc priest looks satisfied for a moment.
The quokka bites you but does no damage.
A scorpion comes into view.
You block the scorpion's attack.
The scorpion stings you but does no damage.
The scorpion stings you.
* * * LOW HITPOINT WARNING * * *
You are poisoned.
The scorpion poisons you!
* * * LOW HITPOINT WARNING * * *
You feel very sick.
* * * LOW HITPOINT WARNING * * *
You feel sick. The scorpion stings you.
* * * LOW HITPOINT WARNING * * *
You are more poisoned.
The scorpion poisons you!
* * * LOW HITPOINT WARNING * * *
You feel very sick.
There is an open door here.
You feel better.
Something unseen opens the door.
You block the scorpion's attack.
The orc priest mumbles some strange prayers to Beogh against you.
Beogh smites you!
You die...

.#........#####
.'....#'##....#
##....#..#....#
......#..#....#
......#..#....####
......##+######..####+##..
......#..#...........≈≈≈≈≈
.)....#..#........<..≈#
......#..#######@##..≈#
..o...#..#.....so.###≈#+#≈
##....#..'.....r..#..≈≈.≈≈
.#....#..#...o....#...#...
.+....#'##.o......'...# ..
.#....o...........#...# .
.#####....####....#+### .#
#....# #.........# .#
+....# #.........#


You could see an orc warrior, a scorpion, an orc priest, an orc and a quokka.

Vanquished Creatures
  Sigmund (D:3)
  Menkaure (D:4)
  A necrophage (D:4)
  An orc priest (D:3)
  Terence (D:2)
  Jessica (D:2)
  4 gnolls (D:3)
  3 adders
  4 worms
  A dart slug (D:2)
  9 orcs
  9 endoplasms
  3 giant cockroaches
  2 goblins
  9 hobgoblins
  6 jackals (D:1)
  3 kobolds
  3 quokkas
  7 ball pythons
  4 bats
  3 frilled lizards
  2 rats
78 creatures vanquished.

Notes
Turn   | Place    | Note
-------+----------+-------------------------------------------
     0 | D:1      | Metae the Minotaur Fighter began the quest for the Orb.
     0 | D:1      | Reached XP level 1. HP: 19/19 MP: 0/0
   325 | D:1      | Reached XP level 2. HP: 27/27 MP: 1/1
   779 | D:2      | Noticed Jessica
   786 | D:2      | Killed Jessica
   787 | D:2      | Reached XP level 3. HP: 12/33 MP: 2/2
  1069 | D:2      | Reached XP level 4. HP: 40/40 MP: 3/3
  1288 | D:2      | Noticed Terence
  1298 | D:2      | Killed Terence
  2174 | D:3      | Found Ceiqotrui's Armour Boutique.
  2201 | D:3      | Reached XP level 5. HP: 47/47 MP: 4/4
  2356 | D:3      | Noticed Sigmund
  2379 | D:3      | Killed Sigmund
  2380 | D:3      | Reached skill level 5 in Fighting
  2380 | D:3      | Reached skill level 5 in Armour
  2380 | D:3      | Reached skill level 5 in Shields
  2380 | D:3      | Reached XP level 6. HP: 42/56 MP: 5/5
  2486 | D:3      | Found a burning altar of Makhleb.
  2487 | D:3      | Found a glowing golden altar of the Shining One.
  2499 | D:3      | Became a worshipper of the Shining One
  2505 | D:3      | Found an ornate altar of the Wu Jian Council.
  2508 | D:3      | Found a snail-covered altar of Cheibriados.
  2599 | D:3      | HP: 2/56 [orc (2)]
  3207 | D:3      | Found a faded altar of an unknown god.
  3516 | D:4      | Noticed Menkaure
  3527 | D:4      | Killed Menkaure
  3899 | D:4      | Reached skill level 1 in Invocations
  3899 | D:4      | Reached XP level 7. HP: 61/61 MP: 6/6
  3902 | D:4      | Found a staircase to the Ecumenical Temple.
  3923 | D:4      | Reached skill level 5 in Polearms
  3923 | D:4      | Reached skill level 1 in Evocations
  4042 | D:4      | HP: 1/62 [poisoned by a scorpion]
  4043 | D:4      | Killed from afar by an orc priest

Illustrated notes

Levels and vault maps discovered:
D:1:      amcnicky_arrival_wind_blow, layout_rooms
D:2:      layout_basic, minmay_increasing_density, uniq_terence, uniq_jessica
D:3:      layout_rooms, grunt_temple_overflow_cloverleaf, serial_shops,
          shop_coins, dreamdust_ecumenical_altar_hidden_monk_grotto,
          minmay_puff, uniq_sigmund
D:4:      layout_gridville, kennysheep_mini_moat, minmay_temple_entry_hall,
          gammafunk_ghost_abyssal_escape, guppyfry_early_orc_mine,
          uniq_menkaure, uniq_ijyb, uniq_duvessa, uniq_grinder, uniq_edmund

Skill      XL: |  1  2  3  4  5  6  7 |
---------------+----------------------+-----
Fighting       | 4 5 |  5.7
Armour         | 4 5 |  5.7
Shields        | 4 5 |  5.7
Polearms       | 3 4 5 |  5.0
Invocations    | 1 |  1.3
Evocations     | 1 |  1.0

Action                   |  1- 3 |  4- 6 |  7- 9 || total
-------------------------+-------+-------+-------++-------
Melee: Trident           |    64 |   119 |    13 ||   196
       Headbutt          |     7 |    23 |     2 ||    32
  Use: Potion            |       |     3 |     1 ||     4
Armor: Scale mail        |     9 |       |       ||     9
       Chain mail        |    20 |    47 |     9 ||    76
Dodge: Dodged            |    14 |    21 |     3 ||    38
Block: Kite shield       |    23 |    56 |     7 ||    86
